 Dungeon Crawl Stone Soup version 0.29.1-1-gd02db6906a (webtiles) character file.

Game seed: 7270209748351358563

336 sankara the Cudgeller (level 6, -5/48 HPs)
             Began as a Demonspawn Gladiator on Oct 13, 2022.
             Was an Initiate of Ru.
             Killed by divine providence
             ... invoked by an orc priest
              (14 damage)
             ... on level 3 of the Dungeon.
             The game lasted 00:05:18 (3485 turns).

sankara the Cudgeller (Demonspawn Gladiator)        Turns: 3485, Time: 00:05:19

Health: -5/48      AC:  9    Str: 15    XL:     6   Next: 28%
Magic:  6/6        EV: 13    Int:  9    God:    Ru [......]
Gold:   101        SH:  6    Dex: 16    Spells: 5/5 levels left

rFire   . . .      SeeInvis .   a - +0 flail
rCold   . . .      Faith    .   (no shield)
rNeg    . . .      Spirit   .   b - +0 leather armour
rPois   .          Reflect  .   c - +0 helmet
rElec   .          Harm     .   k - +0 cloak
rCorr   .          Rampage  .   j - +2 pair of gloves
Will    .....                   g - +0 pair of boots
Stlth   +.........              (no amulet)
HPRegen 0.16/turn               (no ring)
MPRegen 0.10/turn               (no ring)

@: no status effects
A: large bone plates 2, powered by pain 1
a: Renounce Religion


You were on level 3 of the Dungeon.
You worshipped Ru.
Ru was noncommittal.
You visited 1 branch of the dungeon, and saw 4 of its levels.

You collected 101 gold pieces.

Inventory:

Hand Weapons
 a - a +0 flail (weapon)
Missiles
 d - 3 throwing nets (quivered)
 e - a javelin
 f - 24 stones
 p - 6 poisoned darts
Armour
 b - a +0 leather armour (worn)
 c - a +0 helmet (worn)
 g - a +0 pair of boots (worn)
 j - a +2 pair of gloves (worn)
 k - a +0 cloak (worn)
Scrolls
 h - a scroll of noise {unknown}
 i - a scroll of teleportation {unknown}
 l - 3 scrolls of identify {unknown}
 m - a scroll of immolation {unknown}
 n - a scroll of torment {unknown}
Potions
 o - 4 potions of curing
 q - a potion of brilliance


   Skills:
 + Level 3.7 Fighting
 * Level 5.0 Maces & Flails
 - Level 1.7 Throwing
 + Level 3.9 Dodging


You had 5 spell levels left.
You didn't know any spells.
Your spell library was empty.

Dungeon Overview and Level Annotations

Branches:
Dungeon (4/15)
 Temple: D:4-7

Altars:
Gozag
Ru
Xom

Annotations:
D:3 2 transporters
D:4 Pikel


Innate Abilities, Weirdness & Mutations

You are mostly covered in large bone plates. (SH +6)
You sometimes gain a little power by taking damage.


Message History

You are too injured to fight recklessly!
You are too injured to fight recklessly!
You are too injured to fight recklessly!
You are too injured to fight recklessly!
You are too injured to fight recklessly!
You completely miss the orc. The lemure closely misses you.
The orc hits you but does no damage.
You hit the orc.
The orc is moderately wounded.
You block the orc's attack. You block the lemure's attack.
The orc priest looks braver for a moment.
The orc hits you with a +0 whip. The lemure barely misses you.
You hit the orc but do no damage.
The orc is moderately wounded.
The lemure hits you. The orc misses you.
You hit the orc.
The orc is heavily wounded.
The orc misses you. You block the lemure's attack.
You thump the orc!
You kill the orc!
The lemure hits you but does no damage.
You hit the orc priest.
The orc priest is moderately wounded.
The lemure misses you. The orc priest barely misses you.
You barely miss the orc priest.
The orc priest is moderately wounded.
The lemure hits you.
* * * LOW HITPOINT WARNING * * *
The orc priest hits you but does no damage.
You closely miss the orc priest.
The orc priest is moderately wounded.
The lemure hits you.
* * * LOW HITPOINT WARNING * * *
The orc priest misses you.
You hit the orc priest.
The orc priest is heavily wounded.
The lemure hits you but does no damage.
The orc priest mumbles some strange prayers to Beogh against you.
Beogh smites you!
You die...

...##....##....######.### ###.#
##.#..##.#..##.#.##.....# #....
##..#.##..#.##..###.....# #.#.#
...##....##....####.....# #.#.#
.##..#.##..#.##...#.....# #...#
#.#..##.#..##.#.........# #..##
###########.#...######### #..##
##.....5## #....
#########......#@#
###########.##
...............#o###...........#
#########.....##.......#########
##.......###.#.# #...###.###.#.#
#...........#.# #######.##..#.#
#.......# #########


You could see a lemure and an orc priest.

Vanquished Creatures
  Sigmund (D:3)
  Crazy Yiuf (D:2)
  An orc wizard (D:3)
  4 adders
  6 dart slugs
  5 orcs (D:3)
  4 ball pythons
  7 endoplasms
  3 giant cockroaches
  4 goblins
  5 hobgoblins
  A quokka (D:1)
  4 bats
  4 frilled lizards
  3 kobolds
  5 rats
58 creatures vanquished.

Notes
Turn   | Place    | Note
-------+----------+-------------------------------------------
     0 | D:1      | sankara the Demonspawn Gladiator began the quest for the
                  | Orb.
     0 | D:1      | Reached XP level 1. HP: 16/16 MP: 1/1
   192 | D:1      | Reached skill level 3 in Maces & Flails
   229 | D:1      | Gained mutation: You are partially covered in large bone
                  | plates. (SH +4) [demonic ancestry]
   229 | D:1      | Reached XP level 2. HP: 22/22 MP: 2/2
   251 | D:1      | Found a faded altar of an unknown god.
   805 | D:1      | Reached XP level 3. HP: 27/28 MP: 3/3
  2086 | D:2      | Found a runed translucent door.
  2087 | D:2      | Noticed Crazy Yiuf
  2358 | D:2      | Killed Crazy Yiuf
  2359 | D:2      | Reached XP level 4. HP: 28/34 MP: 2/4
  2505 | D:3      | Noticed Sigmund
  2519 | D:3      | Killed Sigmund
  2520 | D:3      | Reached skill level 4 in Maces & Flails
  2520 | D:3      | Gained mutation: You are mostly covered in large bone
                  | plates. (SH +6) [demonic ancestry]
  2520 | D:3      | Reached XP level 5. HP: 17/41 MP: 5/5
  2520 | D:3      | Gained mutation: You sometimes gain a little power by
                  | taking damage. [demonic ancestry]
  2520 | D:3      | Reached XP level 6. HP: 19/47 MP: 6/6
  2814 | D:3      | Found a sacrificial altar of Ru.
  2829 | D:3      | Became a worshipper of Ru the Awakened
  3119 | D:3      | Found a transporter.
  3123 | D:3      | Found a transporter.
  3157 | D:3      | Found an opulent altar of Gozag.
  3159 | D:3      | Found a shimmering altar of Xom.
  3231 | D:3      | Reached skill level 5 in Maces & Flails
  3463 | D:4      | Noticed Pikel
  3485 | D:3      | Killed from afar by an orc priest

Illustrated notes

Levels and vault maps discovered:
D:1:      erik_arrival_blinker_ship, layout_basic,
          chequers_ecumenical_altar_grove
D:2:      layout_basic, uniq_crazy_yiuf_cottage
D:3:      layout_loops_cross, gammafunk_temple_overflow_arena,
          lemuel_round_altar, nicolae_eternal_life, minmay_splitting_lines,
          uniq_sigmund
D:4:      layout_loops_ring, minmay_temple_entry_proselytizer,
          roderic_lattice_a, st_stairs_13, uniq_ijyb, uniq_pikel, uniq_duvessa,
          uniq_blork_the_orc

Skill      XL: |  1  2  3  4  5  6 |
---------------+-------------------+-----
Maces & Flails | 3 4 5 |  5.0
Dodging        | 3 |  3.9
Fighting       | 3 |  3.7
Throwing       | |  1.7

Action                   |  1- 3 |  4- 6 || total
-------------------------+-------+-------++-------
Melee: Flail             |   109 |    75 ||   184
       Punch             |     1 |     1 ||     2
  Use: Potion            |     3 |     1 ||     4
 Stab: Sleeping          |     3 |     2 ||     5
Armor: Leather armour    |    53 |    24 ||    77
Dodge: Dodged            |    83 |    51 ||   134
Block: Other             |    26 |    16 ||    42
